Map: Dédale EC

Players

HoldTheDoor

  • Race: Protoss Protoss
  • League: Diamond
  • Spawn Location: 1:00

DimkaHitrec - Winner!

  • Race: Zerg Zerg
  • League: Master
  • Spawn Location: 7:00

VOD

Have the link to the VOD?

Description

Time

  • Played on: July 4, 2018, 10:43 a.m.
  • Length: 4:33
Show
View Real Time Build Order
Export as new Build Order

HoldTheDoor Protoss 

Build Orders:  

Get SALT Encoding   

  12  0:00  Probe  
  13  0:12  Probe  
  14  0:19  Pylon  
  14  0:25  Probe  
  15  0:36  Probe  
  15  0:40  Gateway  
  16  0:44  Probe  
  16  0:46  Assimilator  
  17  0:52  Probe  
  18  1:09  Gateway  
  18  1:11  Probe  
  19  1:28  Cybernetics Core  
  19  1:31  Pylon  
  19  1:34  Zealot  
  19  1:38  Probe  
  22  1:45  Assimilator  
  22  1:51  Warp Gate, Probe  
  23  2:07  Adept  
  25  2:09  Adept  
  27  2:16  Pylon  
  27  2:22  Probe  
  28  2:34  Probe  
  29  2:41  Nexus  
  29  2:46  Probe  
  29  2:50  Sentry  
  32  2:52  Adept  
  32  2:58  Probe  
  35  3:06  Twilight Council  
  35  3:10  Probe  
  36  3:22  Robotics Facility  
  36  3:27  Probe  
  37  3:36  Pylon  
  31  3:55  Stalker  
  31  3:56  Stalker  
  31  4:19  Stalker x2  
Show
View Real Time Build Order
Export as new Build Order

DimkaHitrec Zerg - Winner!

Build Orders: Pool Only 

Get SALT Encoding   

  12  0:01  Drone  
  13  0:13  Drone  
  14  0:26  Spawning Pool  
  13  0:29  Extractor  
  13  0:32  Drone  
  13  0:41  Overlord  
  13  0:45  Drone  
  14  1:03  Drone  
  14  1:04  Drone  
  16  1:16  Roach Warren  
  15  1:23  Queen  
  17  1:55  Roach  
  17  1:56  Roach  
  17  1:58  Overlord  
  17  1:59  Burrow  
  21  2:34  Roach  
  21  2:35  Roach x3  
  29  2:38  Overlord  
  29  2:48  Extractor  
  28  3:05  Drone x3  
  31  3:06  Drone  
  32  3:15  Roach x2  
  36  3:28  Overlord  
  34  3:54  Roach x2  
  34  4:07  Roach x2  
Tags
 
Matchup
PvZ
Opening
Pool Only
Spawn Locations
Cross Positions
Add a new tag
Caveats
  • Supply blocks, unpowered buildings, or Contaminate may cause inaccurate times.
  • Supply counts are checked every 10 seconds.